 Dungeon Sprint DCSS version 0.30-a0-1085-g990a428a5c (webtiles) character file.

Game seed: 1962287658906261643

278 rocky1 the Eclecticist (level 10, -3/50 HPs)
             Began as a Deep Elf Earth Elementalist on Apr 17, 2023.
             Was a High Priest of Sif Muna.
             Shot with an arrow by a centaur (8 damage)
             ... in the Dungeon (Sprint VI: "Thunderdome").
             The game lasted 00:09:46 (849 turns).

rocky1 the Eclecticist (Deep Elf Earth Elementalist) Turns: 849, Time: 00:09:46

Health: -3/50      AC:  5    Str:  9    XL:     10   Next: 37%
Magic:  30/33      EV: 14    Int: 31    God:    Sif Muna [*****.]
Gold:   104        SH:  0    Dex: 18    Spells: 40/44 levels left

rFire   . . .      SeeInvis .    l - staff of earth
rCold   . . .      Faith    .    (no shield)
rNeg    . . .      Spirit   .    a - +0 robe
rPois   +          Reflect  .    q - +0 hat of the Ward {Str+4}
rElec   .          Rampage  .    i - +2 cloak {rPois}
rCorr   .          NoTele   +    (no gloves)
Will    ++...                    (no boots)
Stlth   ++                       n - amulet of the Aged Quests {RegenMP Will+}
HPRegen 0.28/turn                o - ring "Saurof" {Wiz Dex+3 Stlth+}
MPRegen 0.63/turn                p - ring "Ehauloze" {Wiz Int+6 Stlth-}

@: no status effects
A: no striking features
}: 1/15 runes: decaying
a: Renounce Religion, Channel Magic, Forget Spell, Divine Exegesis


You were in the Dungeon.
You worshipped Sif Muna.
Sif Muna was extremely pleased with you.
You visited 1 branch You collected 599 gold pieces.
You spent 495 gold pieces at shops.

Inventory:

Armour
 a - a +0 robe (worn)
 i - a +2 cloak of poison resistance (worn)
 q - the +0 hat of the Ward (worn) {Str+4}
   (You bought it in a shop in the Dungeon)

   Str:       It affects your strength (+4).
Magical Staves
 l - a staff of earth (weapon)
Jewellery
 m - the amulet of Gozag's Generosity {RegenMP Rampage rN+ rCorr}
   (You bought it in a shop in the Dungeon)

   [amulet of magic regeneration]

   It increases your rate of magic regeneration.
   rN:        It protects you from negative energy.
   rCorr:     It protects you from acid and corrosion.
   Rampage:   It bestows one free step when moving towards enemies.
 n - the amulet of the Aged Quests (around neck) {RegenMP Will+}
   (You bought it in a shop in the Dungeon)

   [amulet of magic regeneration]

   It increases your rate of magic regeneration.
   Will:      It increases your willpower.
 o - the ring "Saurof" (left hand) {Wiz Dex+3 Stlth+}
   (You bought it in a shop in the Dungeon)

   [ring of wizardry]

   It improves your spell success rate.
   Dex:       It affects your dexterity (+3).
   Stlth:     It makes you more stealthy.
 p - the ring "Ehauloze" (right hand) {Wiz Int+6 Stlth-}
   (You bought it in a shop in the Dungeon)

   [ring of wizardry]

   It improves your spell success rate.
   Int:       It affects your intelligence (+6).
   Stlth:     It makes you less stealthy.
Wands
 g - a wand of polymorph (7)
Scrolls
 k - 3 scrolls of fog
Potions
 b - a potion of magic
 c - a potion of curing
 d - 3 potions of heal wounds
 e - 3 potions of haste
 f - a potion of berserk rage
 h - a potion of resistance
 j - a potion of experience


   Skills:
 + Level 4.9 Dodging
 - Level 2.9 Stealth
 + Level 17.7 Spellcasting
 * Level 11.3 Conjurations
 - Level 1.2 Transmutations
 + Level 14.9 Earth Magic
 * Level 10.9 Invocations
 + Level 6.4 Evocations


You had 40 spell levels left.
You knew the following spells:

 Your Spells              Type           Power      Damage    Failure   Level
a - Sandblast             Erth           100%       2d20      0%          1
b - Stone Arrow           Conj/Erth      100%       3d13      0%          3

Your spell library contained the following spells:

 Spells                   Type           Power      Damage    Failure   Level
 Passwall                 Tmut/Erth      71%        N/A       1%          2
 Summon Guardian Golem    Hex/Summ       27%        N/A       1%          3
 Petrify                  Tmut/Erth      86%        N/A       1%          4
 Starburst                Conj/Fire      29%        6d9       6%          6
 Enfeeble                 Hex            13%        N/A       95%         7
 Fire Storm               Conj/Fire      29%        8d7       100%        9


Dungeon Overview and Level Annotations

Branches:
Dungeon (1/1)

Altars:
Cheibriados
Dithmenos
Fedhas
Gozag
Kikubaaqudgha
Makhleb
Okawaru
Qazlal
Ru
Sif Muna
Trog
Uskayaw
Vehumet
Wu Jian
Xom
Yredelemnul
Zin
The Shining One
Lugonu

Shops:
D *[??*?*:[((!!!!


Message History

Get ready!
ROUND 6!
FIGHT!
LIGHTNING ROUND!
You sense a tension in the south.
A centaur comes into view.
The centaur moves out of view. 50...
Aiming: Stone Arrow (safe; 0% risk of failure)
Press: ? - help, Q - select action, (/) - cycle Shift-Dir - straight line, f - you You feel a surge of power!
That beam is likely to hit you.
Continue anyway?
Okay, then.
What are your orders? t - Shout!
Orders for allies: a - Attack new target. r - Retreat! s - Stop attacking. g - Guard the area. f - Follow me.
Anything else - Cancel.
You shout for attention!
A centaur comes into view.
Things that are here:
a +0 robe; a +0 club The centaur wields a +0 shortbow.
The centaur shoots an arrow.
The arrow completely misses you.
The centaur shoots an arrow.
The arrow misses you.
The centaur shoots an arrow.
The arrow hits you!
The centaur shoots an arrow.
The arrow hits you!
A centaur comes into view. x2
The centaur shoots an arrow.
The arrow hits you!
The centaur moves out of view.
The centaur shouts!
Aiming: Stone Arrow (safe; 0% risk of failure)
Press: ? - help, Q - select action, (/) - cycle Shift-Dir - straight line, f - centaur
Aim: a centaur, wielding a +0 shortbow (87% to hit)
You feel a surge of power!
The stone arrow hits the centaur!
The centaur is severely wounded.
The centaur shoots an arrow.
The arrow completely misses you.
The centaur wields a +0 shortbow.
The centaur shoots an arrow.
The arrow hits you!
* * * LOW HITPOINT WARNING * * *
The centaur shoots an arrow.
The arrow hits you!
You die...

#⌠)).÷.......⌠#
####.8....)....8.######
___......###).....___∩##
.......8.# #.8........∩###
.........###.............##
..)...###...###...[......⌠#
.....)# #.<.# #..........⌠#
......###...###.)........⌠#
.........###....@........##
.......8.# #.8........∩###
___......###......___∩##
####.8.........8.######
#⌠.....c.c[..⌠#
###...[.c...### #_........#
#_......._# #_......._#


You could see 3 centaurs.

Vanquished Creatures
  the Lernaean hydra (D)
  An orc high priest (D)
  A deep elf pyromancer (D)
  3 deep elf zephyrmancers (D)
  Maurice (D)
  A wyvern (D)
  A shadow (D)
  A bullfrog (D)
  A gnoll sergeant (D)
  A wight (D)
  A gnoll bouda (D)
  An iguana (D)
  3 gnolls (D)
  3 river rats (D)
  2 quokkas (D)
  A rat (D)
23 creatures vanquished.

Notes
Turn   | Place    | Note
-------+----------+-------------------------------------------
     0 | D        | rocky1 the Deep Elf Earth Elementalist began the quest for
                  | the Orb.
     0 | D        | Reached XP level 1. HP: 10/10 MP: 6/6
     4 | D        | Found a snail-covered altar of Cheibriados.
     4 | D        | Found a blossoming altar of Fedhas.
     5 | D        | Found a burning altar of Makhleb.
     5 | D        | Found a shimmering blue altar of Sif Muna.
     5 | D        | Round 1.
     6 | D        | Found a glowing golden altar of the Shining One.
     7 | D        | Found Leli's Staff Store.
     7 | D        | Found Dapoon's Magic Scroll Shop.
     8 | D        | Found Vuiw's Must-Have Magic.
     8 | D        | Found Ogyhoom's Magic Scroll Shop.
    17 | D        | Reached skill level 4 in Spellcasting
    17 | D        | Reached XP level 2. HP: 4/15 MP: 2/9
    19 | D        | Became a worshipper of Sif Muna the Loreminder
    38 | D        | Reached skill level 5 in Earth Magic
    38 | D        | Found a corrupted altar of Lugonu.
    39 | D        | Found a sacrificial altar of Ru.
    40 | D        | Found a radiant altar of Vehumet.
    44 | D        | Found Coalyn's Jewellery.
    44 | D        | Found Kawn's Advanced Armour.
    46 | D        | Found a shimmering altar of Xom.
    46 | D        | Found an iron altar of Okawaru.
    46 | D        | Found Qeceus's Identification Station.
    51 | D        | Found an ancient bone altar of Kikubaaqudgha.
    52 | D        | Found an ornate altar of the Wu Jian Council.
    54 | D        | Found a bloodstained altar of Trog.
    57 | D        | Found Gapt's Premium Goods.
    58 | D        | Found Epeul's Miscellaneous Merchandise.
    58 | D        | Found Urytyats's Basic Armour.
    59 | D        | Found an opulent altar of Gozag.
    59 | D        | Found a stormy altar of Qazlal.
    59 | D        | Found Ukhluic's Weapon Rack.
    64 | D        | Found a hide-covered altar of Uskayaw.
    65 | D        | Found a glowing silver altar of Zin.
    66 | D        | Found a shadowy altar of Dithmenos.
    69 | D        | Found Eriqiwn's Do-It-Yourself Clinic.
    70 | D        | Found Xigez's Bottled Wisdom.
    70 | D        | Found Soukk's Distillery.
    72 | D        | Found a basalt altar of Yredelemnul.
    72 | D        | Found Agoll's Distillery.
    89 | D        | Reached skill level 5 in Spellcasting
    89 | D        | Reached * piety under Sif Muna
    90 | D        | Reached XP level 3. HP: 12/19 MP: 4/11
   132 | D        | Arena points: 14 (+14) [x2]
   138 | D        | Learned a level 3 spell: Stone Arrow
   174 | D        | Round 2.
   176 | D        | Reached ** piety under Sif Muna
   181 | D        | Reached skill level 1 in Conjurations
   181 | D        | Reached skill level 1 in Invocations
   182 | D        | Noticed a gnoll sergeant
   183 | D        | Reached skill level 6 in Spellcasting
   199 | D        | Reached XP level 4. HP: 10/24 MP: 10/14
   203 | D        | Killed a gnoll sergeant
   203 | D        | Reached *** piety under Sif Muna
   203 | D        | Arena points: 50 (+36) [x3]
   204 | D        | Reached skill level 8 in Spellcasting
   204 | D        | Reached XP level 5. HP: 14/28 MP: 11/17
   259 | D        | Round 3.
   288 | D        | Reached skill level 9 in Spellcasting
   288 | D        | Reached skill level 1 in Evocations
   291 | D        | Noticed Maurice
   301 | D        | Killed Maurice
   302 | D        | Reached skill level 11 in Spellcasting
   302 | D        | Reached skill level 5 in Conjurations
   302 | D        | Reached skill level 10 in Earth Magic
   302 | D        | Reached skill level 5 in Invocations
   302 | D        | Reached XP level 6. HP: 32/32 MP: 19/22
   310 | D        | Noticed a shadow
   313 | D        | Killed a shadow
   314 | D        | Reached XP level 7. HP: 36/36 MP: 21/24
   316 | D        | Reached **** piety under Sif Muna
   317 | D        | Reached skill level 12 in Spellcasting
   356 | D        | Noticed a wyvern
   360 | D        | Killed a wyvern
   360 | D        | Arena points: 134 (+84) [x4]
   383 | D        | Round 4.
   399 | D        | Noticed a deep elf pyromancer
   404 | D        | Killed a deep elf pyromancer
   405 | D        | Reached skill level 13 in Spellcasting
   405 | D        | Reached XP level 8. HP: 41/41 MP: 10/27
   416 | D        | Noticed a deep elf zephyrmancer
   420 | D        | Killed a deep elf zephyrmancer
   421 | D        | Reached skill level 14 in Spellcasting
   500 | D        | Noticed an orc high priest
   505 | D        | Killed an orc high priest
   505 | D        | Reached ***** piety under Sif Muna
   506 | D        | Reached skill level 15 in Spellcasting
   506 | D        | Reached XP level 9. HP: 45/45 MP: 16/30
   511 | D        | Noticed a deep elf zephyrmancer
   525 | D        | Killed a deep elf zephyrmancer
   525 | D        | Received a gift from Sif Muna
   529 | D        | Got Sif Muna's Atlas of Charmed Conflagration {god gift}
   533 | D        | Noticed a deep elf zephyrmancer
   540 | D        | Killed a deep elf zephyrmancer
   541 | D        | Reached skill level 16 in Spellcasting
   541 | D        | Reached skill level 5 in Evocations
   571 | D        | Noticed a deep elf pyromancer
   572 | D        | Arena points: 158 (+24) [x1]
   587 | D        | Round 5.
   588 | D        | Noticed the 27-headed Lernaean hydra
   609 | D        | Killed the 27-headed Lernaean hydra
   609 | D        | Arena points: 278 (+120) [x3]
   610 | D        | Reached skill level 17 in Spellcasting
   610 | D        | Reached skill level 10 in Invocations
   610 | D        | Reached XP level 10. HP: 47/50 MP: 9/33
   612 | D        | Got a decaying rune of Zot
   642 | D        | Bought a sparkling graven amulet for 45 gold pieces
   642 | D        | Identified the amulet of Gozag's Generosity {RegenMP
                  | Rampage rN+ rCorr} (You bought it in a shop in the Dungeon)
   642 | D        | Bought a crude graven amulet for 45 gold pieces
   642 | D        | Identified the amulet of the Aged Quests {RegenMP Will+}
                  | (You bought it in a shop in the Dungeon)
   647 | D        | Bought a faintly glowing marble ring for 45 gold pieces
   647 | D        | Identified the ring "Saurof" {Wiz Dex+3 Stlth+} (You bought
                  | it in a shop in the Dungeon)
   647 | D        | Bought a faintly glowing bone ring for 45 gold pieces
   647 | D        | Identified the ring "Ehauloze" {Wiz Int+6 Stlth-} (You
                  | bought it in a shop in the Dungeon)
   655 | D        | Bought an ichor-stained hat for 315 gold pieces
   655 | D        | Identified the +0 hat of the Ward {Str+4} (You bought it in
                  | a shop in the Dungeon)
   837 | D        | Round 6.
   849 | D        | Shot with an arrow by a centaur

Illustrated notes

Levels and vault maps discovered:
D:        arena_sprint

Skill      XL: |  1  2  3  4  5  6  7  8  9 |
---------------+----------------------------+-----
Spellcasting   | 4 5 6 8 11 13 15 17 | 17.7
Earth Magic    | 4 5 7 10 12 13 14 | 14.9
Dodging        | 3 4 |  4.9
Conjurations   | 2 3 5 6 7 9 11 | 11.3
Invocations    | 2 3 5 6 7 8 10 | 10.9
Evocations     | 2 3 4 6 |  6.4
Stealth        | |  2.9
Transmutations | |  1.2

Action                     |  1- 3 |  4- 6 |  7- 9 | 10-12 || total
---------------------------+-------+-------+-------+-------++-------
   Cast: Sandblast         |    27 |     1 |       |       ||    28
         Stone Arrow       |       |       |    29 |     1 ||    30
 Invoke: Channel Magic     |       |       |     2 |       ||     2
  Evoke: Wand              |       |     9 |     1 |       ||    10
    Use: Scroll            |     3 |     1 |       |       ||     4
         Potion            |     3 |       |     1 |       ||     4
 Armour: Robe              |     1 |       |     1 |       ||     2
  Dodge: Dodged            |     4 |       |       |     3 ||     7

Table legend: (Time is in decaauts)
 A = Elapsed time spent in this place.
 B = Non-inter-level travel time spent in this place.
 C = Inter-level travel time spent in this place.
 D = Time resting spent in this place.
 E = Time spent auto-exploring this place.
 F = Levels seen in this place.
 G = Mean time per level.
                   A        B        C        D        E       F      G
               +--------+--------+--------+--------+--------+-----+--------+
         Total |    830 |    830 |      0 |    272 |      0 |   1 |  830.0 |
       Dungeon |    830 |    830 |      0 |    272 |      0 |   1 |  830.0 |
               +--------+--------+--------+--------+--------+-----+--------+

Top non-repeatable levels by time:
       D: 830 daAuts
